AoeStats
← _LY_抖音肥龙

Nomad

505255278Analyzed
4v4 RM · 24d ago on Sep 8, 2026· 24m 1s· 8 players
Game mode
Random Map
Map size
231×231
Population
200
Speed
Normal
Resources
Standard
Victory
Conquest
Starting age
Dark Age
Ending age
Imperial Age
RankedLock teamsTeams togetherTeam positionsShared explorationLock speedFull tech treeHidden civsTurbo modeCheats
Victory
Defeat
🇨🇳 Persians · China
1888
+12
🇨🇱 Aztecs · Chile
1852
+14
🇭🇰 Mongols · Hong Kong SAR China
1760
+18
🇨🇳 Dravidians · China
1711
+20
🇨🇳 Huns · China
1974
-22
🇨🇳 Spanish · China
1945
-22
🇨🇳 Persians · China
1715
-12
1574
-8
CNZS_Bad Koala
11:51 Loom
13:54 Feudal Age
15:09 Town Watch
17:47 Castle Age
15:32 Fishing Lines
18:23 Double-Bit Axe
18:43 Gold Mining
20:13 Bow Saw
20:09 Padded Archer Armor
DT-Johnson【东】
4:57 Loom
5:06 Loom
15:10 Feudal Age
19:03 Castle Age
16:53 Double-Bit Axe
18:29 Horse Collar
20:09 Fletching
21:48 Bow Saw
21:40 Heavy Plow
23:04 Bodkin Arrow
23:48 Stone Mining
马到成功
6:14 Loom
_LY_lyx
13:52 Feudal Age
15:06 Double-Bit Axe
17:28 Castle Age
15:10 Fishing Lines
16:10 Loom
16:17 Gold Mining
17:50 Fletching
19:04 Bow Saw
19:52 Town Watch
CNZS_HiFive
9:55 Loom
14:02 Feudal Age
15:24 Double-Bit Axe
17:58 Castle Age
16:29 Horse Collar
18:54 Bow Saw
18:27 Fishing Lines
19:31 Fletching
20:49 Wheelbarrow
21:32 Bodkin Arrow
23:18 Ballistics
23:15 Padded Archer Armor
23:51 Gold Mining
_LY_抖音肥龙
9:46 Loom
14:27 Feudal Age
14:56 Double-Bit Axe
14:54 Fishing Lines
19:55 Castle Age
18:53 Stone Mining
20:50 Bow Saw
20:37 Gillnets
21:17 Fletching
23:28 Gold Mining
24:14 Wheelbarrow
watoncito
4:59 Loom
12:41 Feudal Age
16:58 Castle Age
15:58 Fletching
17:10 Crossbowman
18:38 Bodkin Arrow
3046964519
10:31 Loom
12:36 Feudal Age
16:56 Castle Age
16:07 Double-Bit Axe
17:07 Scale Barding Armor
19:53 Husbandry
Connection lost

Rejoining the realm…

Still unreachable

The connection could not be restored.

Session expired

The server has moved on; the page needs a fresh start.